 Dungeon Crawl Stone Soup version 0.31-a0-200-gbc41564c69 (webtiles) character file.

Game seed: 17102789648028733493

43 qw the Shooter (level 3, -1/20 HPs)
             Began as a Deep Elf Hunter on June 25, 2023.
             Slain by a gnoll
             ... wielding a +0 flail
              (6 damage)
             ... on level 3 of the Dungeon.
             The game lasted 00:00:21 (1325 turns).

qw the Shooter (Deep Elf Hunter)                    Turns: 1325, Time: 00:00:21

Health: -1/20      AC:  4    Str: 14    XL:     3   Next: 37%
Magic:  5/5        EV: 12    Int: 11    God:
Gold:   130        SH:  0    Dex: 20    Spells: 2/2 levels left

rFire   . . .        Y - +0 shortbow
rCold   + . .        (shield currently unavailable)
rNeg    . . .        i - +0 leather armour "Tetimaf" {Rampage rC+ rCorr Int-2}
rPois   .            (no helmet)
rElec   .            j - +0 cloak
rCorr   +            (no gloves)
SInv    .            (no boots)
Will    .....        (no amulet)
Stlth   ++           e - +6 ring of strength
HPRegen 0.23/turn    (no ring)
MPRegen 0.09/turn

%: rampage
@: no status effects
A: no striking features
a: no special abilities


You were on level 3 of the Dungeon.
You visited 1 branch of the dungeon, and saw 3 of its levels.

You collected 130 gold pieces.


   Skills:
 - Level 1.5 Fighting
 + Level 6.9 Ranged Weapons
 - Level 2.4 Dodging
 - Level 1.2 Stealth


You had 2 spell levels left.
You didn't know any spells.
Your spell library was empty.

Inventory:

Hand Weapons
 Y - a +0 shortbow (weapon)
Armour
 h - a +0 scale mail
 i - the +0 leather armour "Tetimaf" (worn) {Rampage rC+ rCorr Int-2}
   (You found it on level 2 of the Dungeon)

   Int:       It affects your intelligence (-2).
   rC:        It protects you from cold.
   rCorr:     It protects you from acid and corrosion.
   Rampage:   It bestows one free step when moving towards enemies.
 j - a +0 cloak (worn)
Jewellery
 e - a +6 ring of strength (left hand)
Potions
 d - a potion of degeneration {unknown}
 f - a potion of enlightenment {unknown}
 g - a potion of curing {unknown}

Dungeon Overview and Level Annotations

Branches:
Dungeon (3/15)

Altars:

Shops:
D:2 (


Message History

You kill the frilled lizard!
You shoot an arrow.
The arrow hits the hobgoblin but does no damage.
You shoot an arrow. The arrow closely misses the hobgoblin.
The hobgoblin misses you.
You shoot an arrow. The arrow hits the hobgoblin.
The hobgoblin is heavily wounded.
The hobgoblin closely misses you.
You shoot an arrow. The arrow hits the hobgoblin.
You kill the hobgoblin!
You now have 130 gold pieces (gained 18).
Found a stone staircase leading up.
Found 2 poisoned darts.
A kobold and 2 gnolls come into view.
Found an escape hatch in the ceiling.
The gnoll shouts! x2
You shoot an arrow. The arrow hits the gnoll.
The gnoll is moderately wounded.
The gnoll closely misses you.
You shoot an arrow. The arrow closely misses the gnoll.
The gnoll hits you with a +0 whip. The kobold misses you.
The gnoll closely misses you.
You shoot an arrow.
The arrow hits the gnoll but does no damage.
The gnoll is moderately wounded.
The gnoll closely misses you. The kobold hits you but does no damage.
The gnoll closely misses you.
A gnoll comes into view. It is wielding a +0 flail.
You shoot an arrow. The arrow hits the gnoll.
The gnoll is severely wounded.
The kobold hits you but does no damage. The gnoll hits you with a +0 whip.
The gnoll closely misses you. The gnoll hits you with a +0 whip!
The gnoll closely misses you. The kobold closely misses you.
You shoot an arrow. The arrow hits the gnoll.
The gnoll is severely wounded.
The gnoll barely misses you. The kobold hits you but does no damage.
You shoot an arrow. The arrow barely misses the gnoll.
The gnoll hits you with a +0 whip. The gnoll barely misses you.
The gnoll hits you with a +0 flail.
You die...

.# .# #.. # .. #.
##.# #..##..
#..K.### #<
##@g(# #.#
#.g#g.# #.# #.##
.# #####.###
###.# #
##...#...## #...#
#.........###.###
....%......#..#
.............##
.....<.....###


You could see 3 gnolls and a kobold.

Vanquished Creatures
  An adder (D:2)
  A dart slug (D:2)
  3 ball pythons
  2 endoplasms (D:1)
  2 giant cockroaches
  3 goblins
  5 hobgoblins
  3 jackals (D:1)
  A kobold (D:2)
  A quokka (D:2)
  A bat (D:2)
  4 frilled lizards
  A rat (D:3)
28 creatures vanquished.

Notes
Turn   | Place    | Note
-------+----------+-------------------------------------------
     0 | D:1      | qw the Deep Elf Hunter began the quest for the Orb.
     0 | D:1      | Reached XP level 1. HP: 12/12 MP: 3/3
     0 | D:1      | 0 ||| qw: Version: 0.3-a-22-g0ed2b0b
     0 | D:1      | 0 ||| qw: Game counter: 5578
     0 | D:1      | 0 ||| qw: Melee chars always use a shield: true
     0 | D:1      | 0 ||| qw: God list: Okawaru
     0 | D:1      | 0 ||| qw: Allow faded altars: false
     0 | D:1      | 0 ||| qw: Do Orc after clearing Dungeon:15 true
     0 | D:1      | 0 ||| qw: Do second Lair branch before Depths: true
     0 | D:1      | 0 ||| qw: Lair rune preference: random
     0 | D:1      | 0 ||| qw: Goals: Normal
     0 | D:1      | 0 ||| PLANNING D:1-11
    23 | D:1      | Found a faded altar of an unknown god.
   230 | D:1      | Reached skill level 6 in Ranged Weapons
   230 | D:1      | Reached XP level 2. HP: 12/16 MP: 4/4
   427 | D:1      | 427 ||| UPGRADING to +6 ring of strength.
   428 | D:1      | 428 ||| READING scroll labelled HEYSOUNUXT.
   429 | D:1      | 429 ||| READING scroll labelled ZUGYBBI AS XID.
   430 | D:1      | 430 ||| DROPPING scroll of butterflies.
   537 | D:2      | Found Xihehun's Antique Weapon Shop.
   637 | D:2      | Reached XP level 3. HP: 20/20 MP: 5/5
   769 | D:2      | Identified the +0 leather armour "Tetimaf" {Rampage rC+
                  | rCorr Int-2}
  1240 | D:2      | 1240 ||| UPGRADING to +0 scale mail.
  1250 | D:2      | 1250 ||| DROPPING +0 leather armour.
  1251 | D:2      | 1251 ||| UPGRADING to +0 leather armour "Tetimaf" {Rampage
                  | rC+ rCorr Int-2}.
  1261 | D:2      | 1261 ||| UPGRADING to +0 cloak.
  1266 | D:2      | 1266 ||| DROPPING ring of wizardry.
  1267 | D:2      | 1267 ||| READING scroll labelled MAURIA WECZAPS.
  1268 | D:2      | 1268 ||| READING scroll labelled RIUZXETAACK.
  1323 | D:3      | HP: 5/20 [gnoll/+0 whip (8)]
  1325 | D:3      | Slain by a gnoll

Levels and vault maps discovered:
D:1:      lemuel_arrival_broad_hall, layout_rooms,
          shapermc_ecumenical_altar_venn, minivault_23
D:2:      layout_loops_corners, serial_shops, shop
D:3:      layout_rooms, kennysheep_flooded_box, uniq_robin, uniq_terence

Skill      XL: |  1 |
---------------+----+-----
Ranged Weapons | 6 |  6.9
Fighting       | |  1.5
Dodging        | |  2.4
Stealth        | |  1.2

Action                     || total
---------------------------++-------
   Fire: Shortbow          ||    64
    Use: Scroll            ||     4
 Armour: Leather armour    ||     8
  Dodge: Dodged            ||    20

Table legend:
 A = Non-vault XP
 B = Vault XP
 C = Vault XP percentage of total XP
 D = Non-vault monster count
 E = Vault monster count
 F = Vault count percentage of total count
                 A         B        C        D         E       F
            +---------+---------+-------+---------+---------+-------
      Total |      62 |       0 |   0.0 |      28 |       0 |   0.0
            +---------+---------+-------+---------+---------+-------
        D:1 |      23 |       0 |   0.0 |      12 |       0 |   0.0
        D:2 |      35 |       0 |   0.0 |      13 |       0 |   0.0
        D:3 |       4 |       0 |   0.0 |       3 |       0 |   0.0
            +---------+---------+-------+---------+---------+-------
